 Dungeon Crawl Stone Soup version 0.31-a0-233-g139696dc86 (webtiles) character file.

Game seed: 6482234260092105727

18370 Querens the Blocker (level 12, -1/100 HPs)
             Began as a Formicid Fighter on July 9, 2023.
             Was a High Priest of Okawaru.
             Slain by an orc warlord
             ... wielding a +1 great sword
              (14 damage)
             ... on level 2 of the Orcish Mines.
             The game lasted 00:38:58 (7605 turns).

Querens the Blocker (Formicid Fighter)              Turns: 7605, Time: 00:38:59

Health: -1/100     AC: 20    Str: 25    XL:     12   Next: 94%
Magic:  12/18      EV: 10    Int:  9    God:    Okawaru [*****.]
Gold:   641        SH:  8    Dex: 13    Spells: 11/11 levels left

rFire   + . .        a - +0 war axe
rCold   x . .        c - +0 buckler
rNeg    . . .        q - +0 plate armour
rPois   .            (helmet unavailable)
rElec   .            E - +0 cloak
rCorr   .            t - +0 pair of gloves
SInv    +            (no boots)
Will    +....        A - amulet of regeneration Stlth
                     F - ring of fire
HPRegen 1.16/turn    (no ring)
MPRegen 0.16/turn

%: no passive effects
@: heroic, finesse-ful
A: permanent stasis, dig shafts and tunnels, antennae 3, four strong arms
a: Dig, Shaft Self, Renounce Religion, Heroism, Finesse, Duel


You were on level 2 of the Orcish Mines.
You worshipped Okawaru.
Okawaru was extremely pleased with you.
You visited 3 branches of the dungeon, and saw 12 of its levels.
You also visited: Ossuary.

You collected 1034 gold pieces.
You spent 393 gold pieces at shops.

Inventory:

Hand Weapons
 a - a +0 war axe (weapon)
 y - a +0 broad axe
 H - the +2 morningstar "Oraesiezo" {flame, rF+ Will+ Int-3}
   (You took it off a kobold demonologist on level 8 of the Dungeon)

   Int:       It affects your intelligence (-3).
   rF:        It protects you from fire.
   Will:      It increases your willpower.
Armour
 c - a +0 buckler (worn)
 n - a +2 chain mail of cold resistance
 q - a +0 plate armour (worn)
 t - a +0 pair of gloves (worn)
 E - a +0 cloak (worn)
Jewellery
 A - an amulet of regeneration (around neck)
 F - a ring of fire (left hand)
Wands
 D - a wand of flame (26)
 I - a wand of digging (7)
Scrolls
 e - a scroll of torment {unknown}
 f - a scroll of brand weapon {unknown}
 g - a scroll of blinking {unknown}
 h - 4 scrolls of enchant weapon
 k - 5 scrolls of noise
 r - 3 scrolls of fog
 s - 5 scrolls of poison
 v - a scroll of fear
 w - a scroll of enchant armour {unknown}
 B - 3 scrolls of immolation
Potions
 b - a potion of cancellation {unknown}
 d - 2 potions of might
 i - 3 potions of mutation {unknown}
 j - 3 potions of heal wounds
 l - 2 potions of enlightenment {unknown}
 m - a potion of brilliance {unknown}
 o - a potion of attraction {unknown}
 p - 2 potions of ambrosia
 u - a potion of degeneration {unknown}
 x - 2 potions of berserk rage {unknown}
 z - a potion of curing


   Skills:
 + Level 11.1(16.1) Fighting
 + Level 10.0(15.0) Axes
 + Level 11.0(16.0) Armour
 + Level 13.0(18.0) Shields
 + Level 8.4 Invocations


You had 11 spell levels left.
You didn't know any spells.
Your spell library contained the following spells:

 Spells                   Type           Power      Damage    Failure   Level
 Cigotuvi's Dreadful Rot  Necr/Pois/Air  0%         N/A       99%         2
 Lesser Beckoning         Tloc           0%         N/A       99%         2
 Scorch                   Fire           0%         2d5       99%         2
 Gell's Gravitas          Tloc           0%         N/A       100%        3
 Teleport Other           Tloc           0%         N/A       100%        3
 Dispel Undead            Necr           0%         3d6       100%        4
 Flame Wave               Conj/Fire      0%         2d4       100%        4
 Dispersal                Tloc           0%         N/A       100%        6
 Death Channel            Necr           Unusable   N/A       N/A         6
 Summon Cactus Giant      Summ           Unusable   N/A       N/A         6

Dungeon Overview and Level Annotations

Branches:
Dungeon (9/15)             Temple (1/1) D:5             Orc (2/2) D:9
    Elf (0/3) Orc:2       Ossuary (visited)
   Lair: D:8-11

Altars:
Ashenzari
Cheibriados
Elyvilon
Fedhas
Gozag
Hepliaklqana
Kikubaaqudgha
Makhleb
Nemelex Xobeh
Okawaru
Qazlal
Ru
Sif Muna
Trog
Vehumet
Wu Jian
Xom
Yredelemnul
Zin
The Shining One

Shops:
D:1 =   D:2 :   D:3 :   D:6 *![?*   D:8 =   D:9 (:*:(   Orc:1 :   Orc:2 ?([*:

Annotations:
D:5 1 runed translucent door, hitsuchi's ghost, novice MeEE
D:6 2 runed translucent doors, paps's ghost, novice OpSu


Innate Abilities, Weirdness & Mutations

You cannot be hasted, slowed, berserked, paralysed or teleported.
You can dig through walls and to a lower floor.
You have a pair of large antennae on your head. (SInv)
Your four strong arms can wield two-handed weapons with a shield.


Message History

Items here: )) [ †.
Unknown command.
Unknown command.
You hit the orc warrior but do no damage.
The orc warrior is almost dead.
You hit the orc warrior but do no damage.
You slash the orc warlord!
You hit the orc warrior but do no damage.
You hit the orc. You slash the orc sorcerer! You slash the orc!
You kill the orc!
Okawaru accepts your kill.
You hit the orc warrior.
Unknown command.
Unknown command.
You slash the orc warrior!
You kill the orc warrior!
Okawaru accepts your kill.
You hit the orc warlord but do no damage.
You closely miss the orc warrior. You slash the orc!
You kill the orc!
You barely miss the orc sorcerer. You slash the orc warrior!
You hit the orc warrior.
The orc warrior hits you with a +0 trident.
* * * LOW HITPOINT WARNING * * *
The orc warrior hits you but does no damage.
The orc warrior hits you with a +0 mace!
* * * LOW HITPOINT WARNING * * *
The orc sorcerer hits you with a +0 dagger.
* * * LOW HITPOINT WARNING * * *
You block the orc warlord's attack.
Your base Axes skill increases to level 10!
Unknown command.
As you read the scroll of fear, it crumbles to dust.
You assume a fearsome visage.
The orc warrior looks frightened!
The orc priest looks frightened!
The orc looks frightened!
The orc wizard looks frightened!
The orc warlord easily resists.
The orc sorcerer looks frightened!
The orc warrior looks frightened! x2
The troll looks frightened!
The orc warlord hits you with a +1 great sword!
You die...

.#.....##...........##
..........
###...##...#.....#...##
#####...##.....##...##
#...###.....###...#
#∩.## #8...8####.∩#
#####.#.....#.#####
#.......o.#.......
..........oo.#....
#......#.)@.o.....
##.....##..)o.....
#....# #oo.o..... ##.##
##......T. ## #........
......... #.###.... ###
....


You could see an orc warlord, a troll (fleeing), an orc sorcerer (strong,
fleeing), 3 orc warriors, an orc priest (strong, fleeing), an orc wizard
(strong, invisible, fleeing) and an orc (strong, fleeing).

Vanquished Creatures
  Gastronok (D:9)
  An orc warlord (Orc:2)
  2 centaur warriors (D:8)
  A two-headed ogre (D:8)
  An orc high priest (Orc:2)
  Nergalle (Orc:2)
  3 orc knights (Orc:2)
  3 orc sorcerers (Orc:2)
  A kobold demonologist (D:8)
  A freezing wraith (D:8)
  4 trolls
  Grinder (D:6)
  2 hornets (D:8)
  4 yaks (D:7)
  A wyvern (D:8)
  A steam dragon (D:8)
  4 wargs (Orc:2)
  3 water moccasins
  23 orc warriors
  A sky beast (D:7)
  2 ice beasts
  4 black bears
  9 ogres
  2 centaurs (D:8)
  A phantom (D:5)
  A kobold brigand (D:7)
  3 bullfrogs
  A gnoll sergeant (D:8)
  14 scorpions
  5 wights (D:8)
  4 howler monkeys (D:9)
  A crimson imp (D:7)
  A centaur zombie (Ossuary)
  3 hounds
  4 jellies
  A human zombie (Ossuary)
  14 orc priests
  A gnoll bouda (Orc:2)
  9 iguanas
  4 sleepcaps
  7 scorpion zombies (Ossuary)
  Natasha (twice) (D:4)
  22 orc wizards
  3 mummies (Ossuary)
  5 gnolls (Orc:2)
  8 adders
  3 shadow imps
  2 white imps
  An ufetubus (D:7)
  A worm (D:3)
  A dart slug (D:4)
  54 orcs
  4 endoplasms
  2 giant cockroaches
  4 goblins
  8 hobgoblins
  8 jackals
  3 quokkas
  4 ball pythons
  3 bats
  6 frilled lizards
  3 gnoll zombies (Ossuary)
  6 goblin zombies (Ossuary)
  2 hobgoblin zombies (Ossuary)
  7 kobolds
  2 kobold zombies (Ossuary)
  5 orc zombies (Ossuary)
  6 rats
325 creatures vanquished.

Notes
Turn   | Place    | Note
-------+----------+-------------------------------------------
     0 | D:1      | Querens the Formicid Fighter began the quest for the Orb.
     0 | D:1      | Reached XP level 1. HP: 18/18 MP: 1/1
    91 | D:1      | Reached XP level 2. HP: 24/24 MP: 2/2
   260 | D:1      | Found Uhoosorch's Jewellery Shoppe.
   351 | D:2      | Reached XP level 3. HP: 21/29 MP: 3/3
   511 | D:2      | Found Kih Bucsy's Book Shop.
   891 | D:3      | Found Battoy's Book Boutique.
   936 | D:3      | Reached XP level 4. HP: 37/37 MP: 4/4
  1329 | D:3      | Found a blossoming altar of Fedhas.
  1329 | D:3      | Found a glowing silver altar of Zin.
  1404 | D:3      | Reached XP level 5. HP: 42/42 MP: 5/5
  1517 | D:4      | Reached skill level 5 in Shields
  1581 | D:4      | Noticed Natasha
  1585 | D:4      | Killed Natasha
  1628 | D:4      | Reached XP level 6. HP: 37/49 MP: 6/6
  1979 | D:4      | Noticed an ogre
  2057 | D:4      | Noticed Natasha
  2066 | D:4      | Killed Natasha
  2085 | D:5      | Entered Level 5 of the Dungeon
  2097 | D:5      | Found a runed translucent door.
  2098 | D:5      | Noticed a komodo dragon
  2100 | D:5      | Noticed hitsuchi's ghost (novice MeEE)
  2137 | D:5      | Reached XP level 7. HP: 21/55 MP: 7/7
  2200 | D:5      | Found a staircase to the Ecumenical Temple.
  2211 | Temple   | Entered the Ecumenical Temple
  2220 | Temple   | Became a worshipper of Warmaster Okawaru
  2280 | D:5      | Reached skill level 5 in Fighting
  2280 | D:5      | Reached skill level 5 in Armour
  2280 | D:5      | Reached skill level 6 in Shields
  2652 | D:5      | Reached * piety under Okawaru
  2653 | D:5      | Reached XP level 8. HP: 56/63 MP: 8/8
  2810 | D:4      | Reached skill level 7 in Shields
  2983 | D:6      | Found Coafow's Assorted Antiques.
  2987 | D:6      | Found a large runed translucent door.
  3009 | D:6      | Bought a scroll labelled MOEMOP PYNIGIMO for 28 gold pieces
  3009 | D:6      | Bought a scroll labelled DORODEABBI for 28 gold pieces
  3009 | D:6      | Bought 2 orange potions for 50 gold pieces
  3009 | D:6      | Bought a scroll labelled TILLATWOPUO for 28 gold pieces
  3009 | D:6      | Bought a yellow potion for 25 gold pieces
  3009 | D:6      | Bought a runed short sword for 168 gold pieces
  3019 | D:6      | Noticed Grinder
  3036 | D:6      | Killed Grinder
  3037 | D:6      | Reached skill level 5 in Axes
  3052 | D:6      | Found a sand-covered staircase.
  3114 | D:6      | Found Oloa's Distillery.
  3140 | D:6      | Found Biradot's Antique Armour Boutique.
  3214 | D:6      | Reached XP level 9. HP: 11/71 MP: 9/9
  3249 | D:6      | Reached skill level 8 in Shields
  3291 | D:6      | Found Hianoot's General Store.
  3385 | D:6      | Found Niuvaum's Magic Scroll Emporium.
  3423 | D:6      | Found a large runed translucent door.
  3426 | Ossuary  | Entered an ossuary
  3470 | Ossuary  | Reached ** piety under Okawaru
  3647 | Ossuary  | Reached skill level 9 in Shields
  3724 | Ossuary  | Reached *** piety under Okawaru
  3821 | D:6      | Noticed paps's ghost (novice OpSu)
  3958 | D:7      | Reached XP level 10. HP: 80/80 MP: 10/10
  4013 | D:7      | Reached skill level 1 in Invocations
  4138 | D:7      | Found a burning altar of Makhleb.
  4139 | D:7      | Found a shimmering altar of Xom.
  4200 | D:7      | Reached skill level 10 in Shields
  4301 | D:7      | Found a bloodstained altar of Trog.
  4555 | D:8      | Reached **** piety under Okawaru
  4629 | D:8      | Found Tocleiro's Jewellery Emporium.
  4818 | D:8      | Noticed a centaur warrior
  4833 | D:8      | Killed a centaur warrior
  4833 | D:8      | Reached ***** piety under Okawaru
  4833 | D:8      | Identified the +3 hand axe of Nihilism {heavy, Str+3 Int-4}
                  | (Okawaru gifted it to you on level 8 of the Dungeon)
  4833 | D:8      | Received a gift from Okawaru
  4834 | D:8      | Reached XP level 11. HP: 41/87 MP: 11/14
  4976 | D:8      | Identified the +2 morningstar "Oraesiezo" {flame, rF+ Will+
                  | Int-3}
  5020 | D:8      | Noticed a two-headed ogre
  5070 | D:8      | Killed a two-headed ogre
  5071 | D:8      | Reached skill level 11 in Shields
  5071 | D:8      | Reached skill level 5 in Invocations
  5328 | D:8      | Noticed a centaur warrior
  5346 | D:8      | Killed a centaur warrior
  5501 | D:9      | Found Gang's Book Emporium.
  5629 | D:9      | Found Cehipont's Weapon Shoppe.
  5651 | D:9      | Found Gat Yrphe's Vocational Training.
  5682 | D:9      | Found Jisam's Weapon Shoppe.
  5732 | D:9      | Found a staircase to the Orcish Mines.
  5775 | D:9      | Noticed Gastronok
  5794 | D:9      | Killed Gastronok
  5962 | D:9      | Found Voopiv's General Store.
  6025 | D:9      | Found a stormy altar of Qazlal.
  6025 | D:9      | Found a broken altar of Ashenzari.
  6030 | D:9      | Found a basalt altar of Yredelemnul.
  6032 | D:9      | Found a faded altar of an unknown god.
  6033 | D:9      | Found a snail-covered altar of Cheibriados.
  6054 | Orc:1    | Entered Level 1 of the Orcish Mines
  6077 | Orc:1    | Reached skill level 10 in Fighting
  6077 | Orc:1    | Reached skill level 10 in Armour
  6080 | Orc:1    | Found Imaoz's Book Emporium.
  6136 | Orc:2    | Entered Level 2 of the Orcish Mines
  6166 | Orc:2    | Found a staircase to the Elven Halls.
  6217 | Orc:2    | Reached XP level 12. HP: 70/97 MP: 17/17
  6239 | Orc:2    | Found Haeremn's Magic Scroll Shop.
  6254 | Orc:2    | Bought a scroll of fear for 44 gold pieces
  6254 | Orc:2    | Bought a scroll of identify for 22 gold pieces
  6332 | Orc:2    | Received a gift from Okawaru
  6333 | Orc:2    | Reached skill level 12 in Shields
  6508 | Orc:1    | Found a radiant altar of Vehumet.
  6564 | Orc:2    | Noticed an orc high priest
  6583 | Orc:2    | Noticed a sun demon
  6590 | Orc:2    | Killed an orc high priest
  6993 | Orc:2    | Noticed an orc warlord
  7042 | Orc:2    | Killed an orc warlord
  7335 | Orc:2    | Noticed Nergalle
  7367 | Orc:2    | Killed Nergalle
  7436 | Orc:2    | Noticed a soul eater
  7469 | Orc:2    | Reached skill level 13 in Shields
  7502 | Orc:2    | Found Fipip's Antique Weapon Emporium.
  7515 | Orc:2    | Found Decvoam's Antique Armour Emporium.
  7547 | Orc:2    | Found Luqa's General Store.
  7570 | Orc:2    | Found Wairph's Book Emporium.
  7589 | Orc:2    | Noticed an orc warlord
  7605 | Orc:2    | Reached skill level 10 in Axes
  7605 | Orc:2    | Slain by an orc warlord

Illustrated notes

Levels and vault maps discovered:
D:1:      dpeg_arrival_ratfight, layout_rooms, serial_shops, shop
D:2:      layout_loops_ring, serial_shops, shop
D:3:      layout_basic, gammafunk_temple_overflow_elements, serial_shops,
          nicolae_square_shop, guppyfry_early_lair_pool
D:4:      layout_loops_cross, minmay_statues_item, corexii_hall_statues_u,
          uniq_natasha
D:5:      layout_basic, minmay_temple_entry_mist, ebering_ghost_inner_flame
D:6:      layout_cave_pools, ebering_ghost_disaster_area, serial_shops,
          nicolae_shop_back_alley_shop, nicolae_take_the_stairs, shop,
          nicolae_shop_back_alley_shop, shop, nicolae_ossuary_entry_ruins,
          uniq_grinder
D:7:      layout_rooms, grunt_temple_overflow_champion_of_chaos,
          trog_butcher_becter
D:8:      nzn_winding_woodlands_cross [nzn_winding_woodlands_5x15_garden,
          nzn_winding_woodlands_5x15_twine,
          nzn_winding_woodlands_5x15_concentric,
          nzn_winding_woodlands_5x15_jagged,
          nzn_winding_woodlands_15x15_five_gardens], layout_loops_ring,
          serial_shops, shop
D:9:      layout_basic, chequers_temple_overflow_minitemple, orc_0_dummy,
          serial_shops, shop, shop_statue, kennysheep_little_box,
          nicolae_book_shop_shelving, nicolae_shop_vocational, uniq_gastronok
Temple:   nicolae_temple_two_arcs
Orc:1:    layout_caves, basic_altar, serial_shops, shop
Orc:2:    grunt_orc_cross, layout_caves, serial_shops, shop_scrolls

Skill      XL: |  1  2  3  4  5  6  7  8  9 10 11 12 |
---------------+-------------------------------------+-----
Fighting       | 4 5 6 7 8 10 11 | 11.1
Armour         | 4 5 6 7 8 10 11 | 11.0
Shields        | 5 6 7 9 10 11 13 | 13.0
Axes           | 3 4 5 6 7 9 10 | 10.0
Invocations    | 4 6 8 |  8.4

Action                     |  1- 3 |  4- 6 |  7- 9 | 10-12 || total
---------------------------+-------+-------+-------+-------++-------
  Melee: War axe           |    82 |   135 |   318 |   752 ||  1287
 Invoke: Heroism           |       |       |     2 |    12 ||    14
         Finesse           |       |       |       |     2 ||     2
Ability: Dig               |       |       |     1 |       ||     1
  Evoke: Wand              |       |       |       |    24 ||    24
    Use: Potion            |       |       |     4 |     5 ||     9
         Scroll            |       |       |     5 |     4 ||     9
   Stab: Invisible         |       |       |       |    13 ||    13
 Armour: Scale mail        |    30 |    14 |       |       ||    44
         Chain mail        |       |    57 |   213 |   247 ||   517
         Plate armour      |       |       |       |    78 ||    78
  Dodge: Dodged            |    47 |    56 |   152 |   254 ||   509
  Block: Buckler           |    16 |    27 |   111 |   270 ||   424

Table legend: (Time is in decaauts)
 A = Elapsed time spent in this place.
 B = Non-inter-level travel time spent in this place.
 C = Inter-level travel time spent in this place.
 D = Time resting spent in this place.
 E = Time spent auto-exploring this place.
 F = Levels seen in this place.
 G = Mean time per level.
                   A        B        C        D        E       F      G
               +--------+--------+--------+--------+--------+-----+--------+
         Total |   7775 |   7384 |    391 |      0 |      0 |  13 |  598.1 |
       Dungeon |   5766 |   5389 |    377 |      0 |      0 |   9 |  640.7 |
        Temple |     61 |     61 |      0 |      0 |      0 |   1 |   61.0 |
  Orcish Mines |   1529 |   1515 |     14 |      0 |      0 |   2 |  764.5 |
       Ossuary |    418 |    418 |      0 |      0 |      0 |   1 |  418.0 |
               +--------+--------+--------+--------+--------+-----+--------+

Top non-repeatable levels by time:
   Orc:2: 1267 daAuts
     D:8: 1042 daAuts
     D:5: 722 daAuts
     D:3: 704 daAuts
     D:4: 686 daAuts
     D:7: 576 daAuts
     D:6: 563 daAuts
     D:9: 562 daAuts
     D:2: 558 daAuts
 Ossuary: 418 daAuts
     D:1: 349 daAuts
   Orc:1: 262 daAuts
  Temple: 61 daAuts
